 Dungeon Crawl Stone Soup version 0.18-a0-97-g9c2abca (webtiles) character file.

231 Duffy the Chiller (level 5, -2/38 HPs)
             Began as a Draconian Ice Elementalist on Nov 14, 2015.
             Slain by a sky beast (6 damage)
             ... on level 3 of the Dungeon.
             The game lasted 00:06:31 (3980 turns).

Duffy the Chiller (Draconian Ice Elementalist)      Turns: 3980, Time: 00:06:31

Health: -2/38      AC:  5    Str: 11    XL:     5   Next: 72%
Magic:  3/10       EV: 12    Int: 16    God:
Gold:   143        SH:  0    Dex: 11    Spells: 3 memorised, 3 levels left

rFire  + . .     SeeInvis .     (no weapon)
rCold  . . .     Clarity  .     (armour unavailable)
rNeg   + . .     SustAt   .     (no shield)
rPois  .         Gourm    .     (helmet restricted)
rElec  .         Spirit   .     (no cloak)
rCorr  .         Warding  .     (no gloves)
rMut   .         Stasis   .     (no boots)
MR     .....                    (no amulet)
Stlth  ++........               e - ring of protection from fire
                                c - ring of positive energy

@: very slightly contaminated, not resistant to hostile enchantments, unstealthy
A: unfitting armour, cold-blooded, AC +5
a: no special abilities


You were on level 3 of the Dungeon.
You were not hungry.

You visited 1 branch of the dungeon, and saw 4 of its levels.

You collected 143 gold pieces.


Innate Abilities, Weirdness & Mutations

Your plain brown scales are hard (AC +5).
Your body does not fit into most forms of armour.
You are cold-blooded and may be slowed by cold attacks.


   Skills:
 - Level 1.7 Dodging
 - Level 1.7 Stealth
 + Level 3.8 Spellcasting
   Level 1.0 Conjurations
 * Level 2.6 Summonings
 + Level 4.4 Ice Magic


You had 3 spell levels left.
You knew the following spells:

 Your Spells              Type           Power        Failure   Level  Hunger
a - Freeze                Ice            ###.         3%          1    None
l - Summon Ice Beast      Ice/Summ       ##......     38%         4    ####...
w - Ozocubu's Armour      Chrm/Ice       ##......     21%         3    ###....

Inventory:

Missiles
 m - 37 stones (quivered)
Jewellery
 c - a ring of positive energy (left hand)
 d - an uncursed ring of fire
 e - a ring of protection from fire (right hand)
Scrolls
 f - a scroll of recharging {unknown}
 o - 3 scrolls of teleportation {unknown}
 q - 2 scrolls of remove curse
Potions
 g - a potion of might {unknown}
 h - a potion of haste
 j - a potion of lignification {unknown}
 k - a potion of flight
 l - 3 potions of brilliance
 n - a potion of heal wounds
Books
 a - a book of Frost
Comestibles
 b - 4 bread rations
 i - 3 meat rations
 r - 2 chunks of flesh

Dungeon Overview and Level Annotations

Branches:
Dungeon (4/15)
 Temple: D:4-7

Altars:
Elyvilon
Trog
The Shining One


Message History

Aim: a sky beast (moderately wounded)
You freeze the sky beast.
The sky beast is moderately wounded.
The sky beast hits you but does no damage.
Cast which spell? (? or * to list)
Aiming: Freeze
Press: ? - help, Shift-Dir - straight line, f/p - sky beast
Aim: a sky beast (moderately wounded)
You freeze the sky beast.
The sky beast is heavily wounded.
The sky beast hits you. The sky beast shocks you.
Cast which spell? (? or * to list)
Aiming: Freeze
Press: ? - help, Shift-Dir - straight line, f/p - sky beast
Aim: a sky beast (heavily wounded)
You freeze the sky beast.
The sky beast is heavily wounded.
The sky beast hits you. The sky beast shocks you.
Cast which spell? (? or * to list)
Aiming: Freeze
Press: ? - help, Shift-Dir - straight line, f/p - sky beast
Aim: a sky beast (heavily wounded)
You miscast Freeze.
You are very lightly contaminated with residual magic.
Frost spreads across the the floor.
The sky beast misses you.
Cast which spell? (? or * to list)
Aiming: Freeze
Press: ? - help, Shift-Dir - straight line, f/p - sky beast
Aim: a sky beast (heavily wounded)
You freeze the sky beast.
The sky beast is severely wounded.
The sky beast flickers out of sight!
Deactivating autopickup; reactivate with Ctrl-A.
Something hits you. Something shocks you.
You die...

#.#... ....
###
#.#.#######
..##
#..........
#..#
####.######
♣..♣ ♣.♣♣ #
♣..♣ ♣♣.♣♣
# ♣..♣ ♣♣.♣
# ♣{.♣ ♣.♣
# ♣♣@♣ ♣.♣
♣.♣♣ ♣.♣
♣♣.♣ ♣.♣
♣.♣♣ ♣.♣♣
♣.♣ ♣♣.♣♣
♣.♣♣ ♣♣.♣
♣..♣ ♣.♣♣
♣♣.♣ ♣g♣♣
♣.♣♣ ♣..♣


There were no monsters in sight!

Action                   |  1- 3 |  4- 6 || total
-------------------------+-------+-------++-------
 Cast: Freeze            |    70 |    83 ||   153
  Use: Scroll            |       |     6 ||     6
  Eat: Chunk             |     4 |     6 ||    10

Notes
Turn   | Place    | Note
--------------------------------------------------------------
     0 | D:1      | Duffy the Draconian Ice Elementalist began the quest for the Orb.
     0 | D:1      | Reached XP level 1. HP: 14/14 MP: 3/3
   386 | D:1      | Reached XP level 2. HP: 20/20 MP: 0/5
  1326 | D:1      | Reached XP level 3. HP: 23/26 MP: 4/7
  1535 | D:2      | Found a glowing golden altar of the Shining One.
  1629 | D:2      | Found a bloodstained altar of Trog.
  1629 | D:2      | Found a white marble altar of Elyvilon.
  1645 | D:2      | Reached skill level 3 in Spellcasting
  1724 | D:2      | Learned a level 3 spell: Ozocubu's Armour
  2164 | D:2      | Reached XP level 4. HP: 33/33 MP: 3/8
  2208 | D:2      | Learned a level 4 spell: Summon Ice Beast
  2495 | D:2      | Reached skill level 4 in Ice Magic
  2499 | D:2      | Reached skill level 1 in Summonings
  2875 | D:3      | Noticed nublet's ghost (weakling DrTm)
  2895 | D:3      | Killed nublet's ghost
  2895 | D:3      | Reached skill level 2 in Summonings
  2895 | D:3      | Reached XP level 5. HP: 23/38 MP: 3/10
  3262 | D:3      | Noticed an orc warrior
  3971 | D:3      | Noticed a sky beast
  3980 | D:3      | Slain by a sky beast

Vault maps used:
D:1:      shiori_arrival_oz
D:2:      gammafunk_temple_overflow_wave, tso_oasis_becter
D:3:      forest_paths, minivault_5, kennysheep_generic_room_2
D:4:      first_bread, guppyfry_shop_venom

Vanquished Creatures
  The ghost of nublet the Ruffian, a weakling DrTm
  An iguana
  6 gnolls
  2 adders
  2 oozes
  2 worms
  4 giant geckos
  2 orcs
  2 giant cockroaches
  8 goblins
  14 hobgoblins
  A jackal
  10 kobolds
  10 bats
  2 giant newts
  8 rats
75 creatures vanquished.
